 Dungeon Crawl Stone Soup version 0.27-a0-1147-gb3d8e82157 (webtiles) character file.

Game seed: 8215100936319463417

641 kae the Slasher (level 7, -2/56 HPs)
             Began as a Demonspawn Abyssal Knight on May 11, 2021.
             Was a Priest of Lugonu.
             Slain by an orc warrior
             ... wielding a +0 mace
              (9 damage)
             ... on level 6 of the Dungeon.
             The game lasted 00:03:32 (5619 turns).

kae the Slasher (Demonspawn Abyssal Knight)         Turns: 5619, Time: 00:03:32

Health: -2/56      AC: 10    Str: 14    XL:     7   Next: 26%
Magic:  9/9        EV: 13    Int: 13    God:    Lugonu [***...]
Gold:   168        SH:  4    Dex: 13    Spells: 6/6 levels left

rFire    . . .     SeeInvis .   a - +1 falchion
rCold    . . .     Faith    .   (no shield)
rNeg     . . .     Spirit   .   c - +0 plate armour
rPois    .         Reflect  .   (no helmet)
rElec    .         Harm     .   (no cloak)
rCorr    .         Rampage  .   (no gloves)
Will     .....                  (no boots)
Stlth    ..........             (no amulet)
HPRegen  0.18/turn              k - +4 ring of evasion
MPRegen  0.11/turn              (no ring)

@: agile
A: hooves 2, large bone plates 1, powered by pain 1
a: Renounce Religion, Depart the Abyss, Bend Space, Banish


You were on level 6 of the Dungeon.
You worshipped Lugonu.
Lugonu was most pleased with you.
You visited 1 branch of the dungeon, and saw 6 of its levels.
You visited the Abyss 1 time.

You collected 168 gold pieces.

Inventory:

Hand Weapons
 a - a +1 falchion (weapon)
Armour
 b - a +1 leather armour
 c - a +0 plate armour (worn)
Jewellery
 k - a +4 ring of evasion (left hand)
 m - an amulet of faith
 o - a ring of fire
Scrolls
 e - 3 scrolls of identify
 f - 2 scrolls of enchant armour
 h - a scroll of amnesia
 p - a scroll of teleportation
Potions
 d - a potion of haste
 g - a potion of brilliance
 i - a potion of mutation {unknown}
 j - 2 potions of curing
 l - a potion of might {unknown}
 n - 2 potions of lignification {unknown}


   Skills:
 + Level 5.3 Fighting
 * Level 6.1 Long Blades
 - Level 1.7 Armour
 - Level 0.8 Dodging
 - Level 3.0 Invocations


You had 6 spell levels left.
You didn't know any spells.
Your spell library was empty.

Dungeon Overview and Level Annotations

Branches:
Dungeon (6/15)
 Temple: D:4-7

Altars:
Xom


Innate Abilities, Weirdness & Mutations

You have hoof-like feet.
You are partially covered in large bone plates. (SH +4)
You sometimes gain a little power by taking damage.


Message History

The orc warrior is severely wounded.
The orc warrior barely misses you.
You riposte.
Your plate armour prevents you from hitting the orc warrior.
You kick the orc warrior, but do no damage.
The orc warrior is severely wounded.
You barely miss the orc warrior. Your kick misses the orc warrior.
The orc warrior is severely wounded.
The orc warrior barely misses you.
You riposte.
You closely miss the orc warrior. You kick the orc warrior.
The orc warrior is severely wounded.
You hit the orc warrior but do no damage.
The orc warrior is severely wounded.
The orc warrior completely misses you.
You hit the orc warrior but do no damage.
Your kick misses the orc warrior.
The orc warrior is severely wounded.
The orc wizard points at itself and mumbles some strange words.
The orc wizard flickers and vanishes!
Deactivating autopickup; reactivate with Ctrl-A.
The orc warrior drinks a potion.
The orc warrior is healed!
You barely miss the orc warrior.
The orc warrior is heavily wounded.
The orc warrior hits you with a +0 mace!
You focus on the pain.
You feel more agile all of a sudden.
You closely miss the orc warrior. Your kick misses the orc warrior.
The orc warrior is heavily wounded.
The orc warrior barely misses you.
You hit the orc warrior but do no damage.
You kick the orc warrior, but do no damage.
The orc warrior is heavily wounded.
The orc warrior hits you with a +0 mace.
You closely miss the orc warrior. Your kick misses the orc warrior.
The orc warrior is heavily wounded.
The orc warrior hits you with a +0 mace!
* * * LOW HITPOINT WARNING * * *
You barely miss the orc warrior. Your kick misses the orc warrior.
The orc warrior is heavily wounded.
The orc warrior hits you with a +0 mace!
You die...

#########
#.......#
##########@#####.#
#.≈≈≈...##o#####.#
#...≈≈≈≈)o{...##.#
#.#..≈..≈≈≈≈.....#
....(#..##≈≈≈....#
#.##....##.≈#.##.#
# ###..##.##..#.#
...##.###.#.#
....##.......#


You could see an orc warrior and an orc.

Vanquished Creatures
  2 black bears (D:6)
  An ogre (D:6)
  A howler monkey (D:6)
  2 orc priests
  A bullfrog skeleton (D:4)
  An iguana (D:2)
  3 orc wizards
  3 gnolls
  4 adders
  2 worms
  9 orcs (D:3)
  5 bats
  11 endoplasms
  3 giant cockroaches
  2 goblins
  8 hobgoblins
  6 jackals
  2 quokkas
  7 ball pythons
  2 frilled lizards
  2 kobolds (D:2)
  4 rats (D:1)
81 creatures vanquished.

Notes
Turn   | Place    | Note
-------+----------+-------------------------------------------
     0 | Abyss:1  | kae the Demonspawn Abyssal Knight began the quest for the
                  | Orb.
     0 | Abyss:1  | Reached XP level 1. HP: 18/18 MP: 2/2
    66 | D:1      | Escaped the Abyss
    99 | D:1      | Reached skill level 2 in Long Blades
   161 | D:1      | Gained mutation: You sometimes gain a little power by
                  | taking damage. [demonic ancestry]
   161 | D:1      | Reached XP level 2. HP: 9/24 MP: 3/3
  1016 | D:1      | Reached XP level 3. HP: 29/29 MP: 4/4
  1418 | D:2      | Reached skill level 3 in Long Blades
  1835 | D:2      | Reached ** piety under Lugonu
  2145 | D:2      | Reached XP level 4. HP: 36/37 MP: 5/5
  3018 | D:3      | Reached skill level 4 in Long Blades
  3092 | D:3      | Gained mutation: You have large cloven feet. [demonic
                  | ancestry]
  3092 | D:3      | Reached XP level 5. HP: 19/42 MP: 6/6
  3704 | D:3      | Found a faded altar of an unknown god.
  4119 | D:3      | Found a shimmering altar of Xom.
  4350 | D:4      | HP: 2/43 [bullfrog skeleton (1)]
  4929 | D:4      | Gained mutation: You are partially covered in large bone
                  | plates. (SH +4) [demonic ancestry]
  4929 | D:4      | Reached XP level 6. HP: 31/49 MP: 8/8
  5096 | D:4      | You fall into a shaft and drop 2 floors!
  5112 | D:6      | Reached *** piety under Lugonu
  5113 | D:6      | Reached skill level 5 in Long Blades
  5162 | D:5      | Entered Level 5 of the Dungeon
  5162 | D:5      | Noticed an orc warrior
  5185 | D:6      | Reached skill level 5 in Fighting
  5317 | D:6      | Gained mutation: You have hoof-like feet. [demonic
                  | ancestry]
  5317 | D:6      | Reached XP level 7. HP: 25/56 MP: 9/9
  5506 | D:6      | Reached skill level 6 in Long Blades
  5619 | D:6      | Slain by an orc warrior

Illustrated notes

Levels and vault maps discovered:
D:1:      minmay_arrival_split_and_join, layout_basic,
          minmay_misc_feat_four_crosses
D:2:      minmay_spotlight, layout_loops_ring, minmay_misc_feat_rows
D:3:      layout_basic, lemuel_coloured_pillars_altar,
          hellmonk_ecumenical_altar_lost_god
D:4:      layout_cave_pools, nemelex_diamond_rough_becter
D:5:      layout_cave_pools, zin_purify
D:6:      layout_loops_cross, kennysheep_mini_moat, minmay_temple_entry_glass,
          serial_rivers, chequers_serial_rivers_room_b,
          chequers_serial_rivers_large_a, chequers_serial_rivers_small_a,
          chequers_serial_rivers_micro_a, chequers_serial_rivers_micro_d

Skill      XL: |  1  2  3  4  5  6  7 |
---------------+----------------------+-----
Long Blades    | 2 3 4 5 6 |  6.1
Fighting       | 4 5 |  5.3
Invocations    | 3 |  3.0
Armour         | |  1.7
Dodging        | |  0.8

Action                   |  1- 3 |  4- 6 |  7- 9 || total
-------------------------+-------+-------+-------++-------
Melee: Falchion          |   103 |   187 |    28 ||   318
       Kick              |       |    39 |    10 ||    49
  Use: Scroll            |     5 |     6 |       ||    11
       Potion            |     1 |     2 |       ||     3
Armor: Leather armour    |    43 |    11 |       ||    54
       Plate armour      |       |    71 |     6 ||    77
Dodge: Dodged            |    61 |    88 |    17 ||   166
Block: Other             |       |     5 |     2 ||     7
       Rpst.: Falchion   |    22 |    25 |     3 ||    50

Table legend: (Time is in decaauts)
 A = Elapsed time spent in this place.
 B = Non-inter-level travel time spent in this place.
 C = Inter-level travel time spent in this place.
 D = Time resting spent in this place.
 E = Time spent auto-exploring this place.
 F = Levels seen in this place.
 G = Mean time per level.
                   A        B        C        D        E       F      G
               +--------+--------+--------+--------+--------+-----+--------+
         Total |   5650 |   5582 |     68 |   1281 |   3533 |   7 |  807.1 |
       Dungeon |   5584 |   5516 |     68 |   1281 |   3473 |   6 |  930.7 |
         Abyss |     66 |     66 |      0 |      0 |     60 |   1 |   66.0 |
               +--------+--------+--------+--------+--------+-----+--------+

Top non-repeatable levels by time:
     D:3: 2004 daAuts
     D:2: 1432 daAuts
     D:1: 1330 daAuts
     D:6: 533 daAuts
     D:4: 282 daAuts
 Abyss:1: 66 daAuts
     D:5: 1 daAuts
